 Dungeon Crawl Stone Soup version 0.25-a0-1136-gc1285e62ab (webtiles) character file.

Game seed: 13725768804035779098, levelgen mode: classic

294 EnegeticOcto the Scratcher (level 6, 0/28 HPs)
             Began as a Felid Skald on May 23, 2020.
             Was an Initiate of Ru.
             Succumbed to a scorpion's poison
             ... on level 5 of the Dungeon.
             The game lasted 00:17:53 (8049 turns).

EnegeticOcto the Scratcher (Felid Skald)            Turns: 8049, Time: 00:17:53

Health: 0/28       AC:  2    Str:  9    XL:     6   Next: 11%
Magic:  4/10       EV: 20    Int: 14    God:    Ru [......]
Gold:   282        SH:  0    Dex: 18    Spells: 1/9 levels left
                                        Lives:  0   Deaths: 2

rFire    + . .     SeeInvis +     - Unarmed
rCold    . . .     Gourm    .   (shield unavailable)
rNeg     . . .     Faith    .   (armour unavailable)
rPois    .         Spirit   .   (helmet unavailable)
rElec    .         Reflect  .   (cloak unavailable)
rCorr    .         Harm     .   (gloves unavailable)
MR       .....                  (boots unavailable)
Stlth    +++.......             (no amulet)
HPRegen  0.09/turn              f - ring of protection from fire
MPRegen  0.12/turn              (no ring)

@: lethally poisoned (0 -> -5), berserk cooldown, flying, slowed, slow
A: very small, no armour, no weapons or thrown items, stealth, claws 1, fangs 3,
see invisible, carnivore, deterioration 1, speed 1, shaggy fur 2, slow
metabolism 1, strong 1, sharp paws
a: Renounce Religion


You were on level 5 of the Dungeon.
You worshipped Ru.
Ru was noncommittal.
You were completely stuffed.

You visited 1 branch of the dungeon, and saw 5 of its levels.

You collected 282 gold pieces.

Inventory:

Jewellery
 f - a ring of protection from fire (left paw)
Wands
 a - a wand of disintegration (14)
Scrolls
 b - a scroll of enchant armour {unknown}
 c - 3 scrolls of fear {unknown}
 h - 2 scrolls of teleportation {unknown}
 i - a scroll of amnesia {unknown}
 k - 3 scrolls of remove curse {@r2}
 n - a scroll of blinking {unknown}
 o - 2 scrolls of magic mapping {unknown}
Potions
 d - 2 potions of invisibility
 g - a potion of stabbing {@q5 !q}
 j - a potion of flight
 m - 3 potions of resistance
Comestibles
 e - 11 rations
 q - a chunk of flesh


   Skills:
 + Level 3.9 Fighting
 + Level 4.5 Dodging
 - Level 4.0 Stealth
 + Level 5.1 Unarmed Combat
 - Level 2.0 Spellcasting
 - Level 4.0 Hexes
 - Level 3.6 Charms
 - Level 3.0 Translocations
 + Level 1.1 Evocations


You had one spell level left.
You knew the following spells:

 Your Spells              Type           Power        Failure   Level  Hunger
a - Infusion              Chrm           ##..         5%          1    ##.....
b - Shroud of Golubria    Chrm/Tloc      ##....       10%         2    ###....
c - Song of Slaying       Chrm           ##......     9%          2    ###....
d - Confusing Touch       Hex            ##......     14%         3    ####...

Your spell library contained the following spells:

 Spells                   Type           Power        Failure   Level  Hunger
 Gell's Gravitas          Tloc           #.........   21%         3    ####...
 Ozocubu's Armour         Chrm/Ice       #.......     34%         3    ####...
 Petrify                  Tmut/Erth      #.......     93%         4    #####..
 Metabolic Englaciation   Hex/Ice        #.........   96%         5    ######.
 Yara's Violent Unravell  Hex/Tmut       #.........   96%         5    ######.
 Spectral Weapon          Hex/Chrm       Unusable     N/A         3    N/A

Dungeon Overview and Level Annotations

Branches:
Dungeon (5/15)
 Temple: D:4-7

Altars:
Cheibriados
Elyvilon
Ru
Yredelemnul
Zin
The Shining One

Shops:
D:5 [

Annotations:
D:3 exclusion: big kobold
D:5 Grinder


Innate Abilities, Weirdness & Mutations

You cannot wear armour.
You are incapable of wielding weapons or throwing items.
Your paws allow you to move quietly. (Stealth)
You have sharp claws.
You have razor-sharp teeth.
You have supernaturally acute eyesight. (SInv)
You are carnivorous and can eat meat at any time.
You cover ground quickly.
You are covered in thick fur. (AC +2)
You have a slow metabolism.
Your sharp claws are effective at attacking unaware monsters.
Your body sometimes deteriorates upon taking damage.
Your muscles are strong. (Str +2)


Message History

You begin infusing your attacks with magical energy.
You completely miss the scorpion. The scorpion completely misses you.
You barely miss the scorpion. The scorpion misses you.
You scratch the scorpion.
The scorpion is lightly wounded.
The scorpion misses you.
You scratch the scorpion but do no damage.
The scorpion is lightly wounded.
The scorpion closely misses you.
You scratch the scorpion. You bite the scorpion.
The scorpion is moderately wounded.
You closely miss the scorpion.
The scorpion is moderately wounded.
Your shroud begins to fray at the edges.
The scorpion misses you.
You scratch the scorpion but do no damage.
You bite the scorpion, but do no damage.
The scorpion is lightly wounded.
The scorpion barely misses you.
You closely miss the scorpion.
The scorpion is lightly wounded.
Your shroud bends the scorpion's attack away.
You completely miss the scorpion.
The scorpion is lightly wounded.
The scorpion barely misses you.
You scratch the scorpion but do no damage.
You bite the scorpion.
The scorpion is moderately wounded.
The scorpion closely misses you.
You scratch the scorpion.
The scorpion is heavily wounded.
The scorpion closely misses you.
You closely miss the scorpion.
The scorpion is moderately wounded.
The scorpion completely misses you.
You scratch the scorpion but do no damage.
The scorpion is moderately wounded.
Your shroud unravels.
Your magical infusion is running out.
The scorpion closely misses you.
You barely miss the scorpion.
The scorpion is moderately wounded.
The scorpion completely misses you.
Casting: Infusion (safe; 5% risk of failure)
Confirm with . or Enter, or press ? or * to list all spells.
Space distorts slightly along a thin shroud covering your body.
The scorpion stings you!
You are poisoned.
The scorpion poisons you!
Your shroud falls apart!
You scratch the scorpion.
The scorpion is heavily wounded.
You feel sick. The scorpion completely misses you.
You scratch the scorpion. Your bite misses the scorpion.
The scorpion is severely wounded.
You feel sick. The scorpion stings you!
* * * LOW HITPOINT WARNING * * *
* * * LOW HITPOINT WARNING * * *
You feel sick.
You are no longer magically infusing your attacks.
* * * LOW HITPOINT WARNING * * *
You feel sick.
It was a potion of flight.
You feel very buoyant.
You fly up into the air.
* * * LOW HITPOINT WARNING * * *
You feel sick.
* * * LOW HITPOINT WARNING * * *
You feel sick.
It was a potion of berserk rage.
A red film seems to cover your vision as you go berserk!
You feel yourself moving faster!
You feel mighty! The scorpion stings you.
* * * LOW HITPOINT WARNING * * *
You closely miss the scorpion. You bite the scorpion.
The scorpion is almost dead.
* * * LOW HITPOINT WARNING * * *
You feel sick.
You claw the scorpion!
You kill the scorpion!
Your Evocations skill increases to level 1!
Welcome back to level 6!
You are too berserk!
You are too berserk!
You are too berserk!
You are too berserk!
You see here a scorpion corpse.
You feel a strong urge to attack something.
* * * LOW HITPOINT WARNING * * *
You feel sick.
You swing at nothing.
You feel your anger nearly subside.
You see here a scorpion corpse.
You are no longer berserk.
You pass out from exhaustion.
You feel yourself slow down.
* * * LOW HITPOINT WARNING * * *
You feel sick.
You can move again.
It was a potion of mutation.
You feel extremely strange.
You feel yourself wasting away.
You feel stronger.
You die...

#... +... ####...####
.......... .........
........#.# ########## #.#.#
#+# #........# #.#.# #.#
#####.######.# #@#.# #.#
..........##.# #†#.# #.#
#####.###.##.###.#.# #.#
#####.###.....##.#.#####.#
.........................######
##.#..###..#####.#.#####.#....#
# #..# #........#.......'....+
#..# #........#..####.#....#
#..#####...##.#..# #.#....#


There were no monsters in sight!

Vanquished Creatures
  Blork the orc (D:4)
  2 scorpions
  A crimson imp (D:5)
  2 hounds
  3 orc wizards (D:4)
  3 worker ants
  A hound skeleton (D:4)
  Robin (D:4)
  8 adders
  3 gnolls
  2 oozes
  An adder skeleton (D:4)
  6 dart slugs
  6 leopard geckos
  16 orcs
  5 bats
  5 giant cockroaches
  2 gnoll zombies (D:4)
  11 hobgoblins
  6 jackals
  2 quokkas
  3 frilled lizards
  15 goblins
  14 kobolds
  A leopard gecko skeleton (D:4)
  8 rats
128 creatures vanquished.

Notes
Turn   | Place    | Note
-------+----------+-------------------------------------------
     0 | D:1      | EnegeticOcto the Felid Skald began the quest for the Orb.
     0 | D:1      | Reached XP level 1. HP: 9/9 MP: 4/4
    80 | D:1      | Reached skill level 1 in Stealth
   449 | D:1      | Reached XP level 2. HP: 13/13 MP: 6/6
   515 | D:1      | Learned a level 2 spell: Shroud of Golubria
   518 | D:1      | Learned a level 2 spell: Song of Slaying
  1539 | D:1      | Reached XP level 3. HP: 16/16 MP: 4/7
  2346 | D:2      | Reached skill level 1 in Translocations
  2725 | D:2      | Reached XP level 4. HP: 20/20 MP: 2/8
  3086 | D:3      | Noticed a big kobold
  3125 | D:3      | Found a snail-covered altar of Cheibriados.
  3234 | D:3      | Found a glowing silver altar of Zin.
  3235 | D:3      | Found a white marble altar of Elyvilon.
  3235 | D:3      | Found a glowing golden altar of the Shining One.
  3352 | D:3      | Found a faded altar of an unknown god.
  3748 | D:3      | Reached skill level 3 in Unarmed Combat
  4274 | D:3      | Reached XP level 5. HP: 24/24 MP: 6/9
  4578 | D:3      | Learned a level 3 spell: Confusing Touch
  4997 | D:4      | Noticed Blork the orc
  5011 | D:4      | Reached skill level 1 in Hexes
  5169 | D:4      | Noticed an ogre
  5568 | D:3      | Reached skill level 4 in Unarmed Combat
  5706 | D:4      | Gained mutation: You are covered in thick fur. (AC +2)
                  | [Felid growth]
  5706 | D:4      | Reached XP level 6. HP: 16/28 MP: 3/10
  6241 | D:4      | Noticed Robin
  6256 | D:4      | Killed Robin
  6435 | D:4      | Found a basalt altar of Yredelemnul.
  6876 | D:4      | Killed Blork the orc
  7215 | D:4      | Reached XP level 7. HP: 27/31 MP: 5/11
  7226 | D:4      | Killed from afar by an orc wizard
  7227 | D:4      | Reached XP level 6. HP: 0/28 MP: 2/10
  7465 | D:4      | Found a sacrificial altar of Ru.
  7473 | D:4      | Became a worshipper of Ru the Awakened
  7487 | D:4      | Slain by an ogre
  7488 | D:4      | Reached XP level 5. HP: -1/24 MP: 5/9
  7591 | D:5      | Entered Level 5 of the Dungeon
  7652 | D:5      | Noticed Grinder
  7889 | D:5      | Found Qofam's Armour Shoppe.
  7992 | D:5      | Reached skill level 5 in Unarmed Combat
  8042 | D:5      | Reached skill level 1 in Evocations
  8042 | D:5      | Reached XP level 6. HP: 3/28 MP: 3/10
  8047 | D:5      | HP: 1/28 [poisoned by a scorpion]
  8049 | D:5      | Gained mutation: Your body sometimes deteriorates upon
                  | taking damage. [potion of mutation]
  8049 | D:5      | Gained mutation: Your muscles are strong. (Str +2) [potion
                  | of mutation]
  8049 | D:5      | Succumbed to a scorpion's poison

Illustrated notes

Levels and vault maps discovered:
D:1:      saegor_arrival_simple_e, layout_basic, minmay_tetromino_s4
D:2:      layout_basic, first_ration, serial_glass, glass_columns_c,
          glass_columns_a
D:3:      cheibrodos_thug_alley, layout_loops_corners, good_gods_temple_1,
          old_standard_altar, chequers_ecumenical_altar_grove
D:4:      layout_loops_ring, lemuel_zombie_altar_yredelemnul,
          nicolae_ru_path_of_blood, uniq_robin, uniq_blork_the_orc
D:5:      layout_basic, serial_shops, shop_statue, uniq_grinder, uniq_sigmund

Skill      XL: |  1  2  3  4  5  6 |
---------------+-------------------+-----
Stealth        | 2 4 |  4.0
Translocations | 1 2 3 |  3.0
Fighting       | 3 |  3.9
Unarmed Combat | 3 5 |  5.1
Hexes          | 4 3 |  4.0
Dodging        | 4 |  4.5
Evocations     | 1 |  1.1
Spellcasting   | |  2.0
Charms         | |  3.6

Action                   |  1- 3 |  4- 6 |  7- 9 || total
-------------------------+-------+-------+-------++-------
Melee: Unarmed           |   102 |   371 |     8 ||   481
       Bite              |    11 |    43 |     1 ||    55
       Punch             |       |     9 |       ||     9
 Cast: Infusion          |    14 |    18 |     1 ||    33
       Shroud of Golubri |    16 |    53 |       ||    69
       Song of Slaying   |       |     5 |       ||     5
       Confusing Touch   |       |    10 |       ||    10
  Use: Scroll            |       |     5 |       ||     5
       Potion            |       |     5 |       ||     5
 Stab: Sleeping          |    12 |    10 |       ||    22
       Confused          |       |     6 |       ||     6
       Distracted        |       |     2 |       ||     2
  Eat: Chunk             |    12 |    22 |       ||    34
Armor: Skin              |     4 |     9 |     1 ||    14
Dodge: Dodged            |    78 |   258 |     3 ||   339

Table legend:
 A = Non-vault XP
 B = Vault XP
 C = Vault XP percentage of total XP
 D = Non-vault monster count
 E = Vault monster count
 F = Vault count percentage of total count
                 A         B        C        D         E       F
            +---------+---------+-------+---------+---------+-------
      Total |     839 |     150 |  15.2 |     102 |      26 |  20.3
            +---------+---------+-------+---------+---------+-------
        D:1 |      45 |       2 |   4.3 |      22 |       2 |   8.3
        D:2 |      59 |       0 |   0.0 |      17 |       0 |   0.0
        D:3 |     151 |      14 |   8.5 |      27 |       8 |  22.9
        D:4 |     422 |     134 |  24.1 |      30 |      16 |  34.8
        D:5 |     162 |       0 |   0.0 |       6 |       0 |   0.0
            +---------+---------+-------+---------+---------+-------
